 Dungeon Crawl Stone Soup version 0.24.0-123-gd5b16e6ec5 (webtiles) character file.

Game seed: 5852128077532830597, levelgen mode: deterministic

51 MisterOstroum the Skirmisher (level 3, -1/31 HPs)
             Began as a Minotaur Necromancer on Jan 29, 2020.
             Slain by an iguana (11 damage)
             ... on level 2 of the Dungeon.
             The game lasted 00:03:14 (1699 turns).

MisterOstroum the Skirmisher (Minotaur Necromancer) Turns: 1699, Time: 00:03:14

Health: -1/31      AC:  3    Str: 12    XL:     3   Next: 57%
Magic:  3/4        EV: 12    Int: 13    God:
Gold:   54         SH:  0    Dex: 10    Spells: 1/5 levels left

rFire    . . .     SeeInvis .   f - +0 dagger
rCold    . . .     Gourm    .   (no shield)
rNeg     . . .     Faith    .   q - +0 leather armour
rPois    .         Spirit   .   (helmet restricted)
rElec    .         Reflect  .   (no cloak)
rCorr    .         Harm     .   (no gloves)
MR       .....                  (no boots)
Stlth    +.........             (no amulet)
HPRegen  0.10/turn              (no ring)
MPRegen  0.09/turn              (no ring)

@: no status effects
A: retaliatory headbutt, horns 2
a: no special abilities


You were on level 2 of the Dungeon.
You were very hungry.

You visited 1 branch of the dungeon, and saw 2 of its levels.

You collected 54 gold pieces.

Inventory:

Hand Weapons
 f - a +0 dagger (weapon)
 h - a +0 short sword
Missiles
 c - 85 stones (quivered)
 g - 21 sling bullets
 m - 21 arrows
 o - 20 bolts
Armour
 a - a +0 robe
 q - a +0 leather armour (worn)
Scrolls
 b - a scroll of enchant weapon {unknown}
 i - a scroll of remove curse {unknown}
 j - a scroll of fog {unknown}
 k - a scroll of magic mapping {unknown}
Potions
 d - a potion of haste {unknown}
 l - 2 potions of curing {unknown}
 n - a potion of mutation {unknown}
 p - a potion of brilliance {unknown}
Comestibles
 e - 2 rations


   Skills:
 + Level 3.2 Fighting
 - Level 2.1 Dodging
 - Level 1.5 Stealth
 * Level 1.6 Spellcasting
 * Level 0.2 Charms
 * Level 3.1 Necromancy


You had one spell level left.
You knew the following spells:

 Your Spells              Type           Power        Failure   Level  Hunger
a - Pain                  Necr           #...         10%         1    ##.....
H - Regeneration          Chrm/Necr      #.........   45%         3    ####...

Your spell library contained the following spells:

 Spells                   Type           Power        Failure   Level  Hunger
 Animate Skeleton         Necr           N/A          10%         1    ##.....
 Vampiric Draining        Necr           #.........   28%         3    ####...
 Animate Dead             Necr           N/A          67%         4    #####..


Dungeon Overview and Level Annotations

Branches:
Dungeon (2/15)

Altars:


Innate Abilities, Weirdness & Mutations

You reflexively headbutt those who attack you in melee.
You have a pair of horns on your head.


Message History

The hobgoblin shouts!
There is a stone staircase leading up here.
A worm comes into view.
The hobgoblin misses you. You furiously retaliate!
You headbutt the hobgoblin. You hit the hobgoblin.
The hobgoblin is almost dead.
The hobgoblin hits you with a +0 club.
You hit the hobgoblin but do no damage.
The hobgoblin is almost dead.
The hobgoblin misses you. You furiously retaliate!
You headbutt the hobgoblin.
You kill the hobgoblin!
Things that are here:
a +0 club; 17 gold pieces; a hobgoblin corpse You hit the worm.
You headbutt the worm.
The worm is moderately wounded.
You hit the worm.
The worm is heavily wounded.
The worm bites you.
You hit the worm.
The worm is heavily wounded.
You hit the worm.
The worm is severely wounded.
The worm bites you.
You are too injured to fight recklessly!
There is a stone staircase leading up here.
Casting: Pain (safe; 10% risk of failure)
Confirm with . or Enter, or press ? or * to list all spells.
Aiming: Pain (safe; 10% risk of failure)
Press: ? - help, Shift-Dir - straight line, f - worm
Aim: a worm (heavily wounded, chance to defeat MR: 68%)
The worm struggles to resist.
Casting: Pain (safe; 10% risk of failure)
Confirm with . or Enter, or press ? or * to list all spells.
Aiming: Pain (safe; 10% risk of failure)
Press: ? - help, Shift-Dir - straight line, f/p - worm
Aim: a worm (heavily wounded, chance to defeat MR: 68%)
The worm writhes in agony.
You hit the worm.
The worm is severely wounded.
The worm misses you. You furiously retaliate!
You headbutt the worm!
You kill the worm!
There is a stone staircase leading up here.
You see here a worm corpse.
You start resting.
An iguana comes into view.
Okay, then.
The iguana hisses angrily.
You climb upwards.
There is a stone staircase leading down here.
You start resting.
Magic restored.
You start resting.
You are feeling very hungry.
You start resting.
HP restored.
You climb downwards.
The iguana closely misses you.
There is a stone staircase leading up here.
You see here a worm corpse.
Unknown command.
Unknown command.
Unknown command.
Adjust (i)tems, (s)pells, or (a)bilities?
Adjust which spell? b - Regeneration Adjust to which letter?
H - Regeneration
Casting: Pain (safe; 10% risk of failure)
Confirm with . or Enter, or press ? or * to list all spells.
Aiming: Pain (safe; 10% risk of failure)
Press: ? - help, Shift-Dir - straight line, f - iguana
Aim: an iguana (chance to defeat MR: 68%)
Okay, then.
Unknown command.
You hit the iguana but do no damage. The iguana bites you!
You hit the iguana but do no damage.
The iguana bites you but does no damage.
You hit the iguana but do no damage. The iguana completely misses you.
You furiously retaliate!
You headbutt the iguana. You hit the iguana but do no damage.
The iguana is lightly wounded.
The iguana bites you.
You hit the iguana.
The iguana is lightly wounded.
The iguana bites you.
You hit the iguana but do no damage.
You headbutt the iguana, but do no damage.
The iguana is lightly wounded.
The iguana misses you.
You barely miss the iguana.
The iguana is lightly wounded.
The iguana bites you.
You see here a +0 club.
There is a stone staircase leading up here.
Casting: Pain (safe; 10% risk of failure)
Confirm with . or Enter, or press ? or * to list all spells.
Aiming: Pain (safe; 10% risk of failure)
Press: ? - help, Shift-Dir - straight line, f - iguana
Aim: an iguana (lightly wounded, chance to defeat MR: 68%)
The iguana struggles to resist.
The iguana bites you!
You die...

############
#....@.....#
#....l.....#
#..........#
#..........#
#..........#
#..........## .###
#...........##.....
#.....).........##
#......<.$.........


You could see an iguana.

Vanquished Creatures
  An adder (D:2)
  An ooze (D:1)
  2 worms (D:2)
  A giant cockroach (D:1)
  A goblin (D:1)
  4 hobgoblins
  7 jackals
  5 bats
  3 frilled lizards (D:1)
  3 kobolds (D:1)
  2 rats (D:1)
30 creatures vanquished.

Notes
Turn   | Place    | Note
-------+----------+-------------------------------------------
     0 | D:1      | MisterOstroum the Minotaur Necromancer began the quest for
                  | the Orb.
     0 | D:1      | Reached XP level 1. HP: 14/14 MP: 1/1
    48 | D:1      | You fall into a shaft and drop 1 floor!
    55 | D:2      | Reached skill level 1 in Fighting
    85 | D:1      | Reached XP level 2. HP: 5/24 MP: 3/3
   779 | D:1      | Reached XP level 3. HP: 10/31 MP: 0/4
  1205 | D:1      | Learned a level 3 spell: Regeneration
  1699 | D:2      | Slain by an iguana

Levels and vault maps discovered:
D:1:      ebering_trefoil_3fold, layout_rooms
D:2:      layout_rooms, first_ration, makhleb_heckhound_becter

Skill      XL: |  1  2 |
---------------+-------+-----
Fighting       | 2 3 |  3.2
Necromancy     | 3 |  3.1
Dodging        | |  2.1
Stealth        | |  1.5
Spellcasting   | |  1.6
Charms         | |  0.2

Action                   || total
-------------------------++-------
Melee: Dagger            ||    76
       Headbutt          ||     9
 Cast: Pain              ||    32
 Stab: Sleeping          ||     1
  Eat: Chunk             ||     2
Armor: Robe              ||    26
       Leather armour    ||     2
Dodge: Dodged            ||    74
